 Dungeon Crawl Stone Soup version 0.27.0-1-g7a089689b8 (webtiles) character file.

Game seed: 7661945491712917812

997 Lochraine the Ducker (level 7, -2/62 HPs)
             Began as a Minotaur Air Elementalist on Aug 6, 2021.
             Was a Follower of Yredelemnul.
             Succumbed to a killer bee's poison
             ... on level 5 of the Dungeon.
             The game lasted 00:15:03 (6437 turns).

Lochraine the Ducker (Minotaur Air Elementalist)    Turns: 6437, Time: 00:15:04

Health: -2/62      AC:  7    Str: 13 (14) XL:     7   Next: 99%
Magic:  8/8        EV: 12    Int: 10 (12) God:    Yredelemnul [*.....]
Gold:   348        SH:  0    Dex: 10 (11) Spells: 7/8 levels left

rFire    . . .     SeeInvis .   v - +1 halberd (freeze)
rCold    . . .     Faith    .   (shield currently unavailable)
rNeg     . . .     Spirit   .   b - +1 ring mail of the Carpenter {rCorr}
rPois    .         Reflect  .   (helmet restricted)
rElec    .         Harm     .   t - scarf {shadows}
rCorr    +         Rampage  .   (no gloves)
Will     .....                  m - +0 pair of boots
Stlth    +.........             w - amulet of magic regeneration
HPRegen  0.20/turn              k - ring of resist corrosion
MPRegen  0.36/turn              (no ring)

@: lethally poisoned (-2 -> -15)
A: horns 2, retaliatory headbutt
a: Renounce Religion, Animate Remains


You were on level 5 of the Dungeon.
You worshipped Yredelemnul.
Yredelemnul was aware of your devotion.
You visited 1 branch of the dungeon, and saw 5 of its levels.

You collected 348 gold pieces.

Inventory:

Hand Weapons
 d - a +0 dagger
 q - a +0 war axe
 v - a +1 halberd of freezing (weapon)
Missiles
 g - 29 bolts
Armour
 a - a +0 robe
 b - the +1 ring mail of the Carpenter (worn) {rCorr}
   (You found it on level 5 of the Dungeon)

   rCorr:     It protects you from acid and corrosion.
 h - a +0 leather armour of poison resistance
 m - a +0 pair of boots (worn)
 r - a +0 chain mail
 t - a scarf of shadows (worn)
Jewellery
 k - a ring of resist corrosion (left hand)
 w - an amulet of magic regeneration (around neck)
Scrolls
 f - 2 scrolls of vulnerability
Potions
 i - a potion of flight
 l - a potion of cancellation
 p - a potion of attraction


   Skills:
 + Level 5.8 Fighting
 * Level 4.4 Polearms
 + Level 1.1 Armour
 - Level 5.8 Dodging
 - Level 1.5 Stealth
 - Level 1.4 Spellcasting
 - Level 0.6 Conjurations
 - Level 2.3 Air Magic
 + Level 3.8 Invocations


You had 7 spell levels left.
You knew the following spells:

 Your Spells              Type           Power      Damage    Failure   Level
a - Shock                 Conj/Air       12%        1d3       36%         1

Your spell library contained the following spells:

 Spells                   Type           Power      Damage    Failure   Level
 Static Discharge         Conj/Air       3%         N/A       52%         2
 Swiftness                Air            5%         N/A       63%         3
 Sublimation of Blood     Necr           0%         N/A       71%         2
 Airstrike                Air            2%         N/A       95%         4
 Petrify                  Tmut/Erth      0%         N/A       100%        4
 Irradiate                Conj/Tmut      0%         3d14      100%        5


Dungeon Overview and Level Annotations

Branches:
Dungeon (5/15)             Temple (0/1) D:5

Altars:
Gozag
Nemelex Xobeh
Vehumet
Wu Jian
Xom
Yredelemnul
Zin
The Shining One

Shops:
D:4 [   D:5 *


Innate Abilities, Weirdness & Mutations

You have a pair of horns on your head.
You reflexively headbutt those who attack you in melee.


Message History

You are poisoned.
The killer bee poisons you!
The killer bee stings you but does no damage.
Unknown command.
Unknown command.
Casting: Shock (safe; 36% risk of failure)
Confirm with . or Enter, or press ? or * to list all spells.
Aiming: Shock (safe; 36% risk of failure)
Press: ? - help, Shift-Dir - straight line, p - killer bee The zap hits the killer bee.
The killer bee is almost dead.
The zap hits the killer bee.
The killer bee is lightly wounded.
* * * LOW HITPOINT WARNING * * *
You feel very sick.
The killer bee stings you but does no damage.
The killer bee stings you.
* * * LOW HITPOINT WARNING * * *
You are more poisoned.
The killer bee poisons you!
Unknown command.
Unknown command.
Unknown command.
Unknown command.
Unknown command.
Unknown command.
Unknown command.
Unknown command.
Unknown command.
You completely miss the killer bee.
The killer bee is almost dead.
* * * LOW HITPOINT WARNING * * *
You feel very sick. The killer bee misses you.
The killer bee barely misses you.
The killer bee stings you but does no damage.
Unknown command.
You closely miss the killer bee.
The killer bee is almost dead.
You die...
Your body rises from the dead as a mindless zombie.

*,*,,* *,***,#≈#.≈.#≈#
#, *,*,** *,*
**#≈.≈Z≈.≈# #.
*,#.****,* #≈..#..≈# #.
*,..,,,,,* #≈≈Z.≈≈≈# #.
**#y****** ######Z####
## #y* ##...##Z# # #.*
#.......# ##
#.########...#########.
#.))yy@.###Z##.........
#######........#####..#
#####.#### #.## #.#
#.#. #.# #.## #.# #..#
####### #.# #...
#.....#########.# #.##
#.###.##.....##.#
####.##


You could see 2 killer bees.

Vanquished Creatures
  An ice beast (D:5)
  A black bear (D:5)
  2 ogres (D:5)
  A phantom (D:4)
  3 scorpions
  2 hounds
  An orc priest (D:3)
  3 iguanas (D:5)
  3 gnolls
  An adder (D:4)
  An ufetubus (D:5)
  A worm (D:3)
  4 dart slugs
  13 orcs
  3 bats
  5 endoplasms
  3 giant cockroaches
  4 hobgoblins
  9 jackals (D:2)
  3 quokkas
  5 ball pythons
  4 frilled lizards
  5 goblins
  8 kobolds
  5 rats
91 creatures vanquished.

Vanquished Creatures (collateral kills)
  An ice beast (D:5)
  A scorpion (D:5)
  A centaur zombie (D:5)
3 creatures vanquished.

Vanquished Creatures (others)
  2 ogre zombies (D:5)
  An orc zombie (D:5)
  4 fungi (D:3)
  4 plants (D:3)
11 creatures vanquished.

Grand Total: 105 creatures vanquished

Notes
Turn   | Place    | Note
-------+----------+-------------------------------------------
     0 | D:1      | Lochraine the Minotaur Air Elementalist began the quest for
                  | the Orb.
     0 | D:1      | Reached XP level 1. HP: 14/14 MP: 1/1
   280 | D:1      | Reached skill level 1 in Fighting
   280 | D:1      | Reached XP level 2. HP: 21/23 MP: 0/3
  1107 | D:1      | Found a faded altar of an unknown god.
  1502 | D:2      | Reached XP level 3. HP: 27/29 MP: 4/4
  2231 | D:3      | Found a basalt altar of Yredelemnul.
  2269 | D:3      | Became a worshipper of Yredelemnul the Dark
  2425 | D:3      | Found a glowing golden altar of the Shining One.
  2463 | D:3      | Reached XP level 4. HP: 12/38 MP: 5/5
  3389 | D:3      | Found a shimmering altar of Xom.
  3389 | D:3      | Found a glowing silver altar of Zin.
  3392 | D:3      | Found a glowing golden altar of the Shining One.
  3392 | D:3      | Found a radiant altar of Vehumet.
  3392 | D:3      | Found a sparkling altar of Nemelex Xobeh.
  3451 | D:4      | Found Hummeneful's Armour Shoppe.
  3971 | D:3      | Reached skill level 1 in Invocations
  3971 | D:3      | Reached XP level 5. HP: 17/46 MP: 0/6
  4304 | D:4      | Reached * piety under Yredelemnul
  4350 | D:4      | Found an opulent altar of Gozag.
  4489 | D:4      | Reached skill level 1 in Polearms
  4489 | D:4      | Reached XP level 6. HP: 41/52 MP: 4/7
  4581 | D:4      | Found an ornate altar of the Wu Jian Council.
  5318 | D:5      | Entered Level 5 of the Dungeon
  5339 | D:5      | Reached skill level 5 in Dodging
  5643 | D:5      | Reached skill level 5 in Fighting
  5643 | D:5      | Reached XP level 7. HP: 26/61 MP: 3/8
  6115 | D:5      | Found a sparkling altar of Nemelex Xobeh.
  6164 | D:5      | Identified the +1 ring mail of the Carpenter {rCorr}
  6284 | D:5      | Reached skill level 1 in Armour
  6350 | D:5      | Found Fuongyur's Assorted Antiques.
  6436 | D:5      | HP: 1/62 [poisoned by a killer bee]
  6437 | D:5      | Succumbed to a killer bee's poison

Illustrated notes

Levels and vault maps discovered:
D:1:      nagdon_arrival_double_spiral, layout_loops_corners,
          chequers_ecumenical_altar_lobes
D:2:      layout_rooms
D:3:      layout_loops_ring, doesnt_xom_only_xom, mainiacjoe_overflow_boulevard,
          hangedman_decor_points
D:4:      layout_rooms, mainiacjoe_overflow_alcove_1, grunt_gozag_breadcrumbs,
          serial_shops, shop_coins
D:5:      layout_loops_corners, nemelex_spade_bored_becter, serial_shops,
          nicolae_take_the_stairs, chequers_serial_rivers_marsh,
          grunt_ministairs_5, kennysheep_generic_room_10

Skill      XL: |  1  2  3  4  5  6  7 |
---------------+----------------------+-----
Fighting       | 1 2 3 4 5 |  5.8
Dodging        | 3 4 5 |  5.8
Invocations    | 1 2 3 |  3.8
Polearms       | 1 2 4 |  4.4
Armour         | 1 |  1.1
Stealth        | |  1.5
Spellcasting   | |  1.4
Conjurations   | |  0.6
Air Magic      | |  2.3

Action                   |  1- 3 |  4- 6 |  7- 9 || total
-------------------------+-------+-------+-------++-------
Melee: Unarmed           |    32 |       |       ||    32
       Headbutt          |    21 |    16 |     5 ||    42
       Dagger            |   109 |       |       ||   109
       War axe           |    18 |    46 |       ||    64
       Halberd           |       |    65 |    41 ||   106
 Cast: Shock             |     9 |    20 |     8 ||    37
Invok: Animate Remains   |       |       |     3 ||     3
  Use: Scroll            |       |     3 |     5 ||     8
       Potion            |       |     2 |     2 ||     4
 Stab: Sleeping          |     4 |     1 |       ||     5
Armor: Robe              |    12 |       |       ||    12
       Leather armour    |    21 |    30 |     6 ||    57
       Ring mail         |       |       |     9 ||     9
Dodge: Dodged            |   111 |    95 |    42 ||   248
